 Dungeon Crawl Stone Soup version 0.28-a0-1415-g7c84da036a (webtiles) character file.

Game seed: 3096198212414132517

62 eustatius the Magician (level 3, -9/19 HPs)
             Began as a Deep Elf Wanderer on Jan 8, 2022.
             Killed from afar by Ijyb (10 damage)
             ... with a puff of flame
             ... on level 3 of the Dungeon.
             The game lasted 00:15:44 (3147 turns).

eustatius the Magician (Deep Elf Wanderer)          Turns: 3147, Time: 00:15:45

Health: -9/19      AC:  3    Str:  6    XL:     3   Next: 85%
Magic:  2/13       EV: 11    Int: 20    God:
Gold:   69         SH:  0    Dex: 15    Spells: 7/15 levels left

rFire   . . .      SeeInvis .   g - +2 dagger (freeze)
rCold   . . .      Faith    .   (no shield)
rNeg    . . .      Spirit   .   c - +0 robe
rPois   .          Reflect  .   (no helmet)
rElec   .          Harm     .   (no cloak)
rCorr   .          Rampage  .   d - +0 pair of gloves
Will    .....                   (no boots)
Stlth   ++........              (no amulet)
HPRegen 0.06/turn               (no ring)
MPRegen 0.13/turn               (no ring)

@: very slightly contaminated
A: no striking features
a: no special abilities


You were on level 3 of the Dungeon.
You visited 1 branch of the dungeon, and saw 3 of its levels.

You collected 69 gold pieces.

Inventory:

Hand Weapons
 a - a +0 dagger
 g - a +2 dagger of freezing (weapon)
Missiles
 b - 56 stones (quivered)
 h - 17 poisoned darts
Armour
 c - a +0 robe (worn)
 d - a +0 pair of gloves (worn)
Scrolls
 e - a scroll of vulnerability {unknown}
 i - a scroll of teleportation {unknown}
 j - 2 scrolls of identify {unknown}
 l - a scroll of holy word {unknown}
Potions
 f - a potion of attraction {unknown}
 k - a potion of heal wounds {unknown}


   Skills:
 * Level 1.0 Dodging
 * Level 3.0 Stealth
 * Level 6.5 Spellcasting
 * Level 1.5 Hexes
 * Level 0.2 Summonings
 * Level 1.5 Necromancy
 - Level 3.2 Translocations
 - Level 0.6 Earth Magic


You had 7 spell levels left.
You knew the following spells:

 Your Spells              Type           Power      Damage    Failure   Level
a - Pain                  Necr           48%        1d6       5%          1
b - Sandblast             Erth           18%        2d7       8%          1
c - Summon Guardian Gole  Hex/Summ       10%        N/A       21%         3
d - Tukima's Dance        Hex            12%        N/A       16%         3

Your spell library contained the following spells:

 Spells                   Type           Power      Damage    Failure   Level
 Apportation              Tloc           38%        N/A       2%          1
 Lesser Beckoning         Tloc           19%        N/A       8%          3


Dungeon Overview and Level Annotations

Branches:
Dungeon (2/15)

Altars:
Trog
Vehumet
The Shining One

Annotations:
D:3 1 transporter, Ijyb


Message History

A guardian golem appears, shielding your allies.
A gnoll comes into view.
It is wielding a +2 flail of holy wrath.
Unknown command.
Casting: Summon Guardian Golem (extremely dangerous; 21% risk of failure)
Confirm with . or Enter, or press ? or * to list all spells.
You can't see any susceptible monsters within range! (Use Z to cast anyway.)
Casting: Summon Guardian Golem (extremely dangerous; 21% risk of failure)
Confirm with . or Enter, or press ? or * to list all spells.
The spell is extremely dangerous to miscast (21% risk of failure)!
Continue anyway?
Okay, then.
Casting: Summon Guardian Golem (extremely dangerous; 21% risk of failure)
Confirm with . or Enter, or press ? or * to list all spells.
You can't see any susceptible monsters within range! (Use Z to cast anyway.)
Casting: Summon Guardian Golem (extremely dangerous; 21% risk of failure)
Confirm with . or Enter, or press ? or * to list all spells.
Aiming: Pain (safe; 5% risk of failure)
Press: ? - help, Shift-Dir - straight line, f/p - gnoll
Aim: a gnoll, wielding a +0 spear (lightly wounded, ally target, chance to affect: 75%)
You miscast Pain.
You are very lightly contaminated with residual magic.
Nothing appears to happen.
The gnoll barely misses you.
Casting: Pain (safe; 5% risk of failure)
Confirm with . or Enter, or press ? or * to list all spells.
Aiming: Pain (safe; 5% risk of failure)
Press: ? - help, Shift-Dir - straight line, f/p - gnoll
Aim: a gnoll, wielding a +0 spear (lightly wounded, ally target, chance to affect: 75%)
The gnoll writhes in agony.
The gnoll barely misses you. The gnoll barely misses you.
You completely miss Ijyb. Ijyb hits you but does no damage.
You hit Ijyb. You freeze Ijyb.
Ijyb is moderately wounded.
Something hits your guardian golem but does no damage.
Ijyb zaps a wand.
The puff of flame hits you!
* * * LOW HITPOINT WARNING * * *
The gnoll hits you from afar with a +0 spear.
* * * LOW HITPOINT WARNING * * *
Something hits your guardian golem.
Ijyb zaps a wand.
The puff of flame hits you!
Ouch! That really hurt!
You die...

.. ...### .### ####
....... ..#### #..#.#
..._.#.###....# ##..#..
..... .....##.# ##......
.8.... #......###.......
:.....##..##...##.###.##
..._...@.........)....#
......#...##...###....#
...##.#g.....#......#.#
...##.9g..##.#+##.#.#.#
...g.......#... #.....#
##########.#....##.####
....5o#P8#.#.... #.
≈≈≈≈≈≈#.P#.#... #.
.≈≈≈..#..#... ..


You could see Ijyb (ally target), an orc priest, a gnoll and a friendly guardian
golem (summoned).

Vanquished Creatures
  A gnoll (D:3)
  An adder (D:2)
  A dart slug (D:1)
  6 ball pythons
  An endoplasm (D:1)
  A giant cockroach (D:2)
  4 goblins (D:1)
  2 hobgoblins
  5 jackals
  2 quokkas (D:1)
  7 bats
  6 kobolds
  2 rats (D:2)
39 creatures vanquished.

Vanquished Creatures (others)
  4 plants (D:1)
4 creatures vanquished.

Grand Total: 43 creatures vanquished

Notes
Turn   | Place    | Note
-------+----------+-------------------------------------------
     0 | D:1      | eustatius the Deep Elf Wanderer began the quest for the
                  | Orb.
     0 | D:1      | eustatius set off with the following items: a +0 dagger, 30
                  | stones, a +0 robe, a +0 pair of gloves; and the following
                  | spells available to memorise: Apportation, Lesser
                  | Beckoning, Pain, Sandblast, Summon Guardian Golem, Tukima's
                  | Dance
     0 | D:1      | Reached XP level 1. HP: 10/10 MP: 9/9
     2 | D:1      | Learned a level 1 spell: Pain
     4 | D:1      | Learned a level 1 spell: Sandblast
   802 | D:1      | Reached skill level 6 in Spellcasting
  1093 | D:1      | Reached XP level 2. HP: 13/15 MP: 8/11
  1483 | D:1      | Reached skill level 1 in Necromancy
  1946 | D:1      | Reached XP level 3. HP: 7/19 MP: 4/12
  2150 | D:1      | Learned a level 3 spell: Summon Guardian Golem
  2154 | D:1      | Learned a level 3 spell: Tukima's Dance
  2417 | D:2      | Reached skill level 1 in Dodging
  2863 | D:2      | Found a bloodstained altar of Trog.
  2923 | D:2      | Reached skill level 1 in Hexes
  3094 | D:2      | You fall into a shaft and drop 1 floor!
  3129 | D:3      | Found a radiant altar of Vehumet.
  3133 | D:3      | Found a glowing golden altar of the Shining One.
  3134 | D:3      | Found a transporter.
  3136 | D:3      | Noticed Ijyb
  3147 | D:3      | Killed from afar by Ijyb

Illustrated notes

Levels and vault maps discovered:
D:1:      grunt_arrival_lava_bath, layout_loops_ring, serial_forest,
          infiniplex_forest_zigzag_2, infiniplex_forest_clump_curved,
          infiniplex_forest_straight_4, infiniplex_forest_3_way,
          infiniplex_forest_clump_diagonal, infiniplex_forest_clump_curved,
          infiniplex_forest_straight_4
D:2:      layout_loops_cross, basic_altar
D:3:      gammafunk_wand_slinger, layout_basic, grunt_temple_overflow_open,
          nicolae_ecumenical_lake_church, skrybe_limestone_x,
          grunt_decor_resistance, uniq_ijyb

Skill      XL: |  1  2  3 |
---------------+----------+-----
Spellcasting   | 6 |  6.5
Necromancy     | 1 |  1.5
Dodging        | 1 |  1.0
Stealth        | 3 |  3.0
Hexes          | 1 |  1.5
Summonings     | |  0.2
Translocations | |  3.2
Earth Magic    | |  0.6

Action                   || total
-------------------------++-------
Melee: Dagger            ||    43
Throw: Stone             ||     2
 Cast: Pain              ||    91
       Sandblast         ||     4
       Summon Guardian G ||     2
Armor: Robe              ||    14
Dodge: Dodged            ||    37

Table legend: (Time is in decaauts)
 A = Elapsed time spent in this place.
 B = Non-inter-level travel time spent in this place.
 C = Inter-level travel time spent in this place.
 D = Time resting spent in this place.
 E = Time spent auto-exploring this place.
 F = Levels seen in this place.
 G = Mean time per level.
                   A        B        C        D        E       F      G
               +--------+--------+--------+--------+--------+-----+--------+
         Total |   3147 |   3121 |     26 |    996 |   1375 |   3 | 1049.0 |
       Dungeon |   3147 |   3121 |     26 |    996 |   1375 |   3 | 1049.0 |
               +--------+--------+--------+--------+--------+-----+--------+

Top non-repeatable levels by time:
     D:1: 2273 daAuts
     D:2: 821 daAuts
     D:3: 52 daAuts
